Map: Temple gelé

Players

imData - Winner!

  • Race: Protoss Protoss
  • League: Master

Luna

  • Race: Protoss Protoss
  • League: Master

VOD

Have the link to the VOD?

Description

Time

  • Played on: April 11, 2016, 2:17 p.m.
  • Length: 9:53
Show
View Real Time Build Order
Export as new Build Order

imData Protoss - Winner!

Build Orders:  

Get SALT Encoding   

  12  0:01  Probe (Chrono Boost)  
  13  0:11  Probe (Chrono Boost)  
  14  0:17  Pylon  
  14  0:22  Probe (Chrono Boost)  
  15  0:35  Probe (Chrono Boost)  
  16  0:37  Gateway  
  16  0:46  Probe (Chrono Boost)  
  16  0:47  Assimilator  
  17  0:52  Assimilator  
  17  0:56  Probe (Chrono Boost)  
  18  1:07  Probe (Chrono Boost)  
  18  1:10  Gateway  
  19  1:17  Probe (Chrono Boost)  
  20  1:28  Probe (Chrono Boost)  
  20  1:30  Cybernetics Core  
  21  1:38  Probe (Chrono Boost)  
  22  1:47  Pylon  
  22  1:49  Probe (Chrono Boost)  
  23  2:06  Stalker x2  
  23  2:07  Warp Gate (Chrono Boost)  
  27  2:14  Pylon  
  27  2:19  Mothership Core (Chrono Boost)  
  29  2:26  Pylon  
  29  2:36  Stalker  
  31  2:43  Stalker  
  33  2:53  Stargate  
  32  3:35  Nexus  
  32  3:48  Void Ray (Chrono Boost)  
  34  3:58  Stalker x2  
  38  4:04  Pylon  
  38  4:09  Pylon  
  38  4:27  Oracle (Chrono Boost)  
  41  4:38  Pylon  
  41  4:42  Stalker  
  41  4:43  Stalker  
  45  4:47  Probe  
  45  4:52  Probe  
  46  4:59  Probe  
  48  5:03  Probe  
  49  5:11  Probe  
  50  5:16  Void Ray (Chrono Boost)  
  50  5:17  Probe  
  51  5:36  Probe  
  51  5:37  Probe  
  50  5:43  Assimilator  
  50  5:46  Probe  
  50  5:47  Assimilator  
  50  5:49  Probe  
  52  5:50  Robotics Facility  
  52  5:54  Pylon  
  52  5:57  Probe  
  52  6:02  Probe  
  54  6:05  Stalker  
  54  6:08  Probe  
  57  6:13  Oracle (Chrono Boost)  
  57  6:14  Probe  
  57  6:18  Probe  
  61  6:23  Stalker  
  64  6:26  Probe  
  64  6:29  Probe  
  66  6:38  Probe  
  67  6:40  Observer  
  67  6:43  Probe  
  67  6:45  Void Ray (Chrono Boost)  
  73  6:50  Probe  
  73  6:53  Probe  
  74  7:14  Stalker  
  74  7:15  Stalker  
  78  7:27  Void Ray (Chrono Boost)  
  78  7:29  Gateway  
  82  7:32  Gateway  
  82  7:33  Gateway  
  82  7:35  Gateway  
  82  7:43  Immortal (Chrono Boost)  
  86  7:53  Pylon x3  
  86  7:56  Pylon  
  86  7:57  Pylon  
  86  8:12  Stalker x2  
  90  8:17  Twilight Council  
  90  8:22  Immortal (Chrono Boost)  
  94  8:44  Stalker x2  
  94  8:45  Stalker x3  
  94  8:47  Stalker  
  106  8:54  Observer (Chrono Boost)  
  107  9:08  Stalker x3  
  113  9:10  Stalker  
  109  9:47  Stalker x3  
  109  9:48  Stalker x3  
Show
View Real Time Build Order
Export as new Build Order

Luna Protoss 

Build Orders:  

Get SALT Encoding   

  12  0:01  Probe (Chrono Boost)  
  13  0:11  Probe (Chrono Boost)  
  14  0:18  Pylon  
  14  0:22  Probe (Chrono Boost)  
  15  0:37  Gateway  
  15  0:38  Probe (Chrono Boost)  
  16  0:44  Assimilator  
  16  0:49  Assimilator  
  16  0:52  Probe (Chrono Boost)  
  17  1:03  Probe (Chrono Boost)  
  18  1:07  Gateway  
  18  1:13  Probe (Chrono Boost)  
  19  1:24  Cybernetics Core  
  19  1:27  Probe (Chrono Boost)  
  20  1:37  Pylon  
  20  1:43  Probe (Chrono Boost)  
  21  1:54  Probe (Chrono Boost)  
  22  2:00  Stalker  
  24  2:02  Stalker  
  24  2:05  Probe (Chrono Boost)  
  27  2:10  Warp Gate  
  27  2:18  Mothership Core (Chrono Boost)  
  29  2:25  Pylon  
  29  2:47  Stalker x2  
  32  3:19  Probe (Chrono Boost)  
  33  3:21  Stalker x2  
  37  3:30  Nexus  
  37  3:43  Probe (Chrono Boost)  
  38  3:51  Pylon  
  38  3:54  Twilight Council  
  39  4:10  Probe (Chrono Boost)  
  39  4:13  Robotics Facility  
  39  4:26  Stalker  
  39  4:27  Stalker  
  43  4:32  Blink (Chrono Boost)  
  41  4:40  Probe  
  41  4:43  Probe  
  43  4:53  Probe  
  43  4:54  Probe  
  43  4:55  Forge  
  45  5:06  Stalker x2  
  49  5:14  Pylon  
  49  5:16  Observer  
  49  5:17  Probe  
  49  5:18  Probe  
  50  5:34  Stalker  
  50  5:35  Stalker  
  44  5:38  Probe (Chrono Boost)  
  44  5:40  Protoss Ground Weapons Level 1  
  45  5:44  Probe (Chrono Boost)  
  46  5:53  Immortal (Chrono Boost)  
  46  5:56  Probe (Chrono Boost)  
  51  6:03  Probe (Chrono Boost)  
  52  6:08  Probe (Chrono Boost)  
  53  6:15  Probe (Chrono Boost)  
  53  6:16  Robotics Bay  
  54  6:19  Probe (Chrono Boost)  
  54  6:25  Probe (Chrono Boost)  
  56  6:30  Probe (Chrono Boost)  
  57  6:34  Stalker x2  
  57  6:36  Probe (Chrono Boost)  
  62  6:40  Probe (Chrono Boost)  
  62  6:45  Pylon  
  62  6:46  Probe (Chrono Boost)  
  64  6:52  Assimilator  
  64  6:54  Assimilator  
  64  7:07  Pylon  
  64  7:10  Probe x2 (Chrono Boost), Pylon  
  64  7:12  Nexus  
  65  7:21  Probe x2 (Chrono Boost)  
  62  7:32  Probe (Chrono Boost)  
  62  7:35  Probe (Chrono Boost)  
  64  7:42  Probe (Chrono Boost)  
  64  7:44  Probe (Chrono Boost)  
  65  7:45  Disruptor (Chrono Boost)  
  69  7:51  Stalker  
  69  7:54  Probe x2, Stalker  
  72  8:06  Probe  
  72  8:15  Probe  
  72  8:18  Disruptor (Chrono Boost)  
  76  8:23  Probe  
  76  8:24  Probe  
  78  8:27  Stalker x2  
  82  8:34  Gateway  
  82  8:37  Gateway  
  79  8:51  Probe, Pylon  
  79  8:53  Disruptor (Chrono Boost)  
  79  8:54  Stalker x2  
  87  8:57  Probe  
  87  8:58  Probe  
  89  9:05  Probe  
  90  9:11  Pylon  
  90  9:17  Stalker  
  90  9:18  Stalker  
Tags
 
Add a new tag
Caveats
  • Supply blocks, unpowered buildings, or Contaminate may cause inaccurate times.
  • Supply counts are checked every 10 seconds.